 Dungeon Crawl Stone Soup version 0.28.0 (webtiles) character file.

Game seed: 16778018571043460786

600 styxcanada the Covered (level 7, -8/62 HPs)
             Began as a Minotaur Fighter on Feb 16, 2022.
             Mangled by Duvessa (17 damage)
             ... on level 5 of the Dungeon.
             The game lasted 00:09:34 (3810 turns).

styxcanada the Covered (Minotaur Fighter)           Turns: 3810, Time: 00:09:35

Health: -8/62      AC:  8    Str: 23    XL:     7   Next: 18%
Magic:  6/6        EV: 10    Int:  5    God:
Gold:   143        SH:  4    Dex:  9    Spells: 6/6 levels left

rFire   . . .      SeeInvis .   a - +0 war axe
rCold   . . .      Faith    .   c - +0 buckler
rNeg    . . .      Spirit   .   b - +0 scale mail
rPois   .          Reflect  .   (helmet restricted)
rElec   .          Harm     .   (no cloak)
rCorr   .          Rampage  .   n - +0 pair of gloves
Will    .....                   (no boots)
Stlth   ..........              (no amulet)
HPRegen 0.20/turn               (no ring)
MPRegen 0.10/turn               (no ring)

@: no status effects
A: horns 2, retaliatory headbutt
a: no special abilities


You were on level 5 of the Dungeon.
You visited 1 branch of the dungeon, and saw 5 of its levels.

You collected 143 gold pieces.

Inventory:

Hand Weapons
 a - a +0 war axe (weapon)
 q - a +2 mace of draining
Missiles
 g - 106 stones (quivered)
 p - a boomerang of dispersal
 r - 22 sling bullets
Armour
 b - a +0 scale mail (worn)
 c - a +0 buckler (worn)
 n - a +0 pair of gloves (worn)
Scrolls
 h - a scroll of identify {unknown}
 i - 2 scrolls of fog {unknown}
 k - a scroll of immolation {unknown}
 l - a scroll of magic mapping {unknown}
 m - a scroll of teleportation {unknown}
 o - 2 scrolls of enchant weapon {unknown}
Potions
 d - a potion of might
 e - 3 potions of flight {unknown}
 f - a potion of resistance {unknown}
 j - a potion of heal wounds {unknown}
 s - a potion of lignification {unknown}
 t - a potion of attraction {unknown}


   Skills:
 * Level 5.8 Fighting
 + Level 5.7 Axes
 * Level 6.3 Armour
 + Level 1.6 Dodging
 + Level 4.3 Shields


You had 6 spell levels left.
You didn't know any spells.
Your spell library contained the following spells:

 Spells                   Type           Power      Damage    Failure   Level
 Ensorcelled Hibernation  Hex/Ice        0%         N/A       94%         2
 Ozocubu's Armour         Ice            0%         N/A       99%         3
 Spider Form              Tmut/Pois      0%         N/A       99%         3
 Anguish                  Hex/Necr       0%         N/A       100%        4
 Metabolic Englaciation   Hex/Ice        0%         N/A       100%        5
 Simulacrum               Ice/Necr       0%         N/A       100%        6


Dungeon Overview and Level Annotations

Branches:
Dungeon (5/15)
 Temple: D:4-7

Altars:

Shops:
D:1 !   D:5 (

Annotations:
D:5 Duvessa


Innate Abilities, Weirdness & Mutations

You have a pair of horns on your head.
You reflexively headbutt those who attack you in melee.


Message History

Duvessa is heavily wounded.
You slash the white imp!
You kill the white imp!
You block Duvessa's attack. Duvessa hits you with a +0 rapier!
Dowan closely misses you.
Unknown command.
You slash Duvessa!
Duvessa is severely wounded.
You completely miss Dowan. Dowan closely misses you. You furiously retaliate!
You headbutt Dowan! You block Duvessa's attack.
You hit Duvessa but do no damage. You headbutt Duvessa, but do no damage.
Duvessa is severely wounded.
You barely miss Dowan.
Dowan points at you and mumbles some strange words.
The puff of frost hits you! Duvessa hits you with a +0 rapier.
Unknown command.
You hit Duvessa but do no damage.
Duvessa is severely wounded.
You barely miss Dowan. Dowan closely misses you. Duvessa barely misses you.
Unknown command.
You hit Duvessa but do no damage. Your headbutt misses Duvessa.
Duvessa is severely wounded.
You barely miss Dowan. Duvessa completely misses you.
Dowan says, "Magic and the sword, together, will defeat you."
Dowan casts a spell at you.
The puff of flame hits you but does no damage.
Duvessa gestures with her weapon.
Duvessa completely misses you. Dowan barely misses you.
You furiously retaliate!
You headbutt Dowan. You slash Dowan!
You kill Dowan!
Duvessa screams in rage.
Duvessa goes berserk!
You hit Duvessa but do no damage. Duvessa hits you with a +0 rapier! x2
* * * LOW HITPOINT WARNING * * *
Unknown command.
You hit Duvessa.
Duvessa is almost dead.
Duvessa hits you with a +0 rapier!
You die...

#.......# ...
.#.......# .[
.#....)).# ### ..
.#....)..# #<.
.#.#.......#######
...#.........#....
#..#.......#.#.###
#e)#######.#.#.#
##@.### #.#.#.###
#..>..# #.#.#∩..#
#.#########.#.###.#
#.........#...###.#
#########.##......#
#............######
#.#######.#########
#......)..........#
#########.#######.#


You could see Duvessa (berserk).

Vanquished Creatures
  3 ogres
  Dowan (D:5)
  An orc priest (D:4)
  A hound (D:2)
  A bullfrog skeleton (D:4)
  2 orc wizards
  3 gnolls (D:4)
  4 adders
  A white imp (D:5)
  A dart slug (D:1)
  9 orcs
  4 endoplasms
  2 giant cockroaches (D:2)
  5 goblins
  12 hobgoblins
  2 jackals (D:4)
  3 kobolds
  A quokka (D:4)
  4 ball pythons (D:1)
  7 bats
  11 frilled lizards
  6 rats
84 creatures vanquished.

Notes
Turn   | Place    | Note
-------+----------+-------------------------------------------
     0 | D:1      | styxcanada the Minotaur Fighter began the quest for the
                  | Orb.
     0 | D:1      | Reached XP level 1. HP: 19/19 MP: 0/0
   113 | D:1      | Reached XP level 2. HP: 15/27 MP: 1/1
   258 | D:1      | Reached skill level 4 in Armour
   259 | D:1      | Found Rejiaddo's Distillery.
   993 | D:1      | Reached XP level 3. HP: 29/33 MP: 2/2
  1295 | D:2      | Reached XP level 4. HP: 34/41 MP: 3/3
  1463 | D:2      | Reached skill level 1 in Dodging
  1910 | D:3      | Found a faded altar of an unknown god.
  2054 | D:3      | Reached skill level 5 in Armour
  2307 | D:4      | Reached XP level 5. HP: 13/47 MP: 4/4
  2718 | D:4      | Reached skill level 5 in Fighting
  3126 | D:4      | Noticed an ogre
  3133 | D:4      | Killed an ogre
  3134 | D:4      | Reached XP level 6. HP: 26/56 MP: 5/5
  3389 | D:4      | Reached skill level 5 in Axes
  3567 | D:5      | Entered Level 5 of the Dungeon
  3573 | D:5      | Found Jecumu Xumia's Weapon Shoppe.
  3610 | D:5      | Reached skill level 6 in Armour
  3734 | D:5      | Reached XP level 7. HP: 58/61 MP: 6/6
  3799 | D:5      | Noticed Duvessa
  3799 | D:5      | Noticed Dowan
  3809 | D:5      | Killed Dowan
  3810 | D:5      | Mangled by Duvessa

Illustrated notes

Levels and vault maps discovered:
D:1:      psy_arrival_basics, layout_loops_ring, serial_shops,
          nicolae_shop_statue_plus, minmay_misc_feat_doors, kennysheep_boxes
D:2:      layout_basic
D:3:      layout_basic, basic_ecumenical_altar
D:4:      layout_rooms
D:5:      layout_basic, nicolae_dithmenos_shadow_blocks, serial_shops, shop,
          minmay_misc_feat_alley, uniq_duvessa, uniq_ijyb, uniq_sigmund,
          uniq_edmund

Skill      XL: |  1  2  3  4  5  6 |
---------------+-------------------+-----
Armour         | 4 5 6 |  6.3
Fighting       | 4 5 |  5.8
Axes           | 3 4 5 |  5.7
Dodging        | 1 |  1.6
Shields        | 4 |  4.3

Action                   |  1- 3 |  4- 6 |  7- 9 || total
-------------------------+-------+-------+-------++-------
Melee: War axe           |    77 |    95 |    17 ||   189
       Headbutt          |     7 |    12 |     5 ||    24
Armor: Scale mail        |    38 |    55 |     5 ||    98
Dodge: Dodged            |    41 |    47 |    12 ||   100
Block: Buckler           |    17 |    27 |     3 ||    47
